 Dungeon Crawl Stone Soup version 0.21.0-3-g78d12a8 (webtiles) character file.

6692 sankara the Insei (level 10, -11/86 HPs)
             Began as a Demigod Transmuter on Jan 17, 2018.
             Shot with an arrow by a centaur warrior (27 damage)
             ... on level 11 of the Dungeon.
             The game lasted 00:29:18 (10339 turns).

sankara the Insei (Demigod Transmuter)             Turns: 10339, Time: 00:29:19

Health: -11/86     AC:  6    Str: 21    XL:     10   Next: 46%
Magic:  20/22      EV: 17    Int: 17    God:
Gold:   572        SH:  0    Dex: 22    Spells: 9/20 levels left

rFire    + . .     SeeInvis .     - Unarmed
rCold    . . .     Gourm    .   (shield currently unavailable)
rNeg     . . .     Faith    .   u - +1 leather armour of Patterns {-Tele rElec Str+8}
rPois    .         Spirit   .   x - +0 helmet
rElec    +         Reflect  .   p - +0 cloak
rCorr    .         Harm     .   (gloves currently unavailable)
MR       +....     NoTele   +   (no boots)
Stlth    ++........             v - amulet of regeneration
HPRegen  0.64/turn              g - ring of wizardry
MPRegen  0.18/turn              y - ring of protection from fire

@: lethally poisoned (-11 -> -11), blade hands
A: high mp 1
a: End Transformation


You were on level 11 of the Dungeon.
You were not hungry.
You had blades for hands.
You visited 2 branches of the dungeon, and saw 12 of its levels.

You collected 572 gold pieces.

Inventory:

Missiles
 a - 280 arrows
Armour
 b - a +0 robe
 p - a +0 cloak (worn)
 u - the +1 leather armour of Patterns (worn) {-Tele rElec Str+8}
   (You found it on level 4 of the Dungeon)

   It affects your strength (+8).
   It insulates you from electricity.
   It prevents most forms of teleportation.
 x - a +0 helmet (worn)
Jewellery
 g - a ring of wizardry (left scythe-like blade)
 v - an amulet of regeneration (around neck)
 y - a ring of protection from fire (right scythe-like blade)
 C - an uncursed ring of resist corrosion
Scrolls
 e - 9 scrolls of identify
 h - 2 scrolls of amnesia {unknown}
 i - a scroll of fear {unknown}
 j - 2 scrolls of fog {unknown}
 k - 2 scrolls of noise {unknown}
 l - 4 scrolls of random uselessness {unknown}
 n - 3 scrolls of enchant armour {unknown}
 r - 8 scrolls of remove curse {unknown}
 t - 4 scrolls of teleportation {unknown}
 z - a scroll of magic mapping {unknown}
Potions
 f - a potion of haste {unknown}
 m - a potion of heal wounds
 o - 2 potions of brilliance {unknown}
 q - 4 potions of curing {unknown}
 s - 3 potions of magic {unknown}
 w - a potion of degeneration {unknown}
 A - 3 potions of lignification {unknown}
Books
 c - a book of Changes

   Spells                             Type                      Level
   a - Beastly Appendage              Transmutation                1
   b - Sticks to Snakes               Transmutation                2
   c - Spider Form                    Transmutation/Poison         3
   d - Ice Form                       Ice/Transmutation            4
   e - Blade Hands                    Transmutation                5
 D - a book of Power

   Spells                             Type                      Level
   a - Iskenderun's Battlesphere      Conjuration/Charms           5
   b - Venom Bolt                     Conjuration/Poison           5
   c - Bolt of Magma                  Conjuration/Fire/Earth       5
   d - Iron Shot                      Conjuration/Earth            6
   e - Orb of Destruction             Conjuration                  7
   f - Spellforged Servitor           Conjuration/Summoning        7
 E - a book of Flames

   Spells                             Type                      Level
   a - Flame Tongue                   Conjuration/Fire             1
   b - Throw Flame                    Conjuration/Fire             2
   c - Conjure Flame                  Conjuration/Fire             3
   d - Inner Flame                    Hexes/Fire                   3
   e - Sticky Flame                   Conjuration/Fire             4
   f - Fireball                       Conjuration/Fire             5
 F - a book of Maledictions

   Spells                             Type                      Level
   a - Corona                         Hexes                        1
   b - Ensorcelled Hibernation        Hexes/Ice                    2
   c - Confuse                        Hexes                        3
   d - Tukima's Dance                 Hexes                        3
   e - Dazzling Spray                 Conjuration/Hexes            3
Comestibles
 d - 26 rations
 B - 8 chunks of flesh


   Skills:
 + Level 7.1 Fighting
 + Level 6.3 Dodging
 + Level 7.7 Unarmed Combat
 + Level 5.9 Spellcasting
 + Level 7.3 Transmutations


You had 9 spell levels left.
You knew the following spells:

 Your Spells              Type           Power        Failure   Level  Hunger
a - Beastly Appendage     Tmut           ####..       5%          1    None
b - Sticks to Snakes      Tmut           ####....     6%          2    None
c - Spider Form           Tmut/Pois      ###.......   21%         3    ##.....
d - Blade Hands           Tmut           ####......   32%         5    #####..


Dungeon Overview and Level Annotations

Branches:
Dungeon (11/15)            Temple (1/1) D:7            Lair (0/6) D:10
    Orc: D:9-12


Innate Abilities, Weirdness & Mutations

You have an increased reservoir of magic. (+10% MP)


Message History

an uncursed shortbow; a centaur corpse
Things that are here:
a shortbow; a centaur corpse You slice the hippogriff!!
You kill the hippogriff!
The centaur warrior hits you but does no damage.
You are poisoned.
You feel sick.
The centaur warrior unwields an uncursed short sword of venom.
It stops dripping with poison.
The centaur warrior wields a longbow.
The centaur warrior shoots an arrow.
The arrow closely misses you.
You see here an arrow.
The centaur warrior shoots an arrow.
The arrow hits you!!
* * * LOW HITPOINT WARNING * * *
You see here an arrow.
You feel much better.
You feel sick.
The centaur warrior shoots an arrow.
The arrow hits you!
* * * LOW HITPOINT WARNING * * *
The centaur warrior shoots an arrow.
The arrow hits you!!
You die...

##.###+#####'#####'#
########(........((..C....
................).........
#############.))))(.......
#..########### #c.# #..#
#.(# #.@# #..# #..# #..#
## ######..######## #..
................ #..
...........#### #.#
#########..# #.# #..#


You could see a centaur warrior.

Vanquished Creatures
  A two-headed ogre (D:11)
  The ghost of Virusyak the Carver, a novice FoFi of Okawaru (D:7)
  A cyclops (D:11)
  A komodo dragon (D:11)
  A merfolk (D:10)
  A hippogriff (D:11)
  A wraith (D:10)
  2 porcupines (D:10)
  A sky beast (D:6)
  3 orc warriors
  An ice beast (D:7)
  A phantom (D:10)
  7 centaurs
  5 ogres
  3 black bears
  A necrophage (D:5)
  2 crocodiles (D:10)
  A big kobold (D:10)
  8 bullfrogs
  A gnoll sergeant (D:7)
  2 wyvern skeletons
  2 scorpions (D:8)
  2 howler monkeys
  A crimson imp (D:7)
  2 quasits
  3 hounds
  A bullfrog zombie (D:8)
  An orc priest (D:6)
  A centaur skeleton (D:9)
  3 bullfrog skeletons
  A jelly (D:7)
  8 orc wizards
  Crazy Yiuf (D:2)
  Terence (D:2)
  4 iguanas
  9 worker ants
  7 gnolls (D:7)
  8 adders
  A howler monkey skeleton (D:6)
  3 shadow imps
  An ooze (D:2)
  An adder skeleton (D:4)
  7 worms
  4 dart slugs
  6 leopard geckos
  29 orcs
  A ball python (D:3)
  5 giant cockroaches
  10 goblins
  7 hobgoblins
  11 jackals
  7 quokkas
  6 bats
  6 frilled lizards
  A jackal skeleton (D:5)
  13 kobolds
  2 leopard gecko zombies
  4 rats
225 creatures vanquished.

Vanquished Creatures (others)
  7 fungi (D:10)
  3 plants
10 creatures vanquished.

Grand Total: 235 creatures vanquished

Notes
Turn   | Place    | Note
-------+----------+-------------------------------------------
     0 | D:1      | sankara the Demigod Transmuter began the quest for the Orb.
     0 | D:1      | Reached XP level 1. HP: 15/15 MP: 5/5
   113 | D:1      | Reached skill level 1 in Fighting
   269 | D:1      | Reached XP level 2. HP: 23/23 MP: 5/7
   279 | D:1      | Learned a level 2 spell: Sticks to Snakes
   927 | D:2      | Reached XP level 3. HP: 26/28 MP: 8/8
   973 | D:2      | Learned a level 3 spell: Spider Form
   987 | D:2      | Found a runed door.
  1794 | D:2      | Noticed Terence
  1801 | D:2      | Killed Terence
  1801 | D:2      | Reached XP level 4. HP: 29/36 MP: 3/9
  2295 | D:2      | Noticed Crazy Yiuf
  2303 | D:2      | Killed Crazy Yiuf
  2374 | D:3      | Reached XP level 5. HP: 36/42 MP: 6/10
  2831 | D:3      | Found a blossoming altar of Fedhas.
  3570 | D:4      | Got a pitted leather armour
  3571 | D:4      | Identified the +1 leather armour of Patterns {-Tele rElec Str+8} (You found it on level 4 of the Dungeon)
  4060 | D:4      | Reached XP level 6. HP: 46/51 MP: 9/11
  4400 | D:5      | Entered Level 5 of the Dungeon
  5088 | D:5      | Reached XP level 7. HP: 15/58 MP: 10/13
  5770 | D:6      | Reached skill level 5 in Unarmed Combat
  6687 | D:6      | Reached XP level 8. HP: 58/66 MP: 16/16
  6797 | D:6      | Reached skill level 5 in Transmutations
  7105 | D:7      | Noticed Virusyak's ghost (novice FoFi)
  7295 | D:7      | Reached skill level 5 in Fighting
  7438 | D:7      | Learned a level 5 spell: Blade Hands
  7708 | D:7      | Found a staircase to the Ecumenical Temple.
  7719 | Temple   | Entered the Ecumenical Temple
  8263 | D:7      | Found a stormy altar of Qazlal.
  8280 | D:7      | Killed Virusyak's ghost
  8280 | D:7      | Reached XP level 9. HP: 36/73 MP: 13/18
  9333 | D:8      | You fall through a shaft for 2 floors!
  9333 | D:10     | Entered Level 10 of the Dungeon
  9342 | D:10     | Reached skill level 5 in Dodging
  9449 | D:10     | Reached skill level 5 in Spellcasting
  9900 | D:10     | Found a staircase to the Lair.
 10054 | D:11     | Noticed a two-headed ogre
 10061 | D:11     | Killed a two-headed ogre
 10061 | D:11     | Reached XP level 10. HP: 66/83 MP: 17/22
 10254 | D:11     | Noticed a cyclops
 10259 | D:11     | Killed a cyclops
 10324 | D:11     | Noticed a cyclops
 10328 | D:11     | Noticed a centaur warrior
 10339 | D:11     | Shot with an arrow by a centaur warrior

Skill      XL: |  1  2  3  4  5  6  7  8  9 10 |
---------------+-------------------------------+-----
Fighting       | 1 2 3 4 5 6 7 |  7.1
Transmutations | 2 3 4 5 6 7 |  7.3
Spellcasting   | 2 3 4 5 |  5.9
Unarmed Combat | 3 4 5 6 7 |  7.7
Dodging        | 2 3 4 5 6 |  6.3

Action                   |  1- 3 |  4- 6 |  7- 9 | 10-12 || total
-------------------------+-------+-------+-------+-------++-------
Melee: Unarmed           |   107 |   208 |   314 |    33 ||   662
       Kick              |    16 |    42 |    22 |       ||    80
       Punch             |     5 |     4 |     7 |     3 ||    19
       Headbutt          |     9 |     9 |       |       ||    18
 Cast: Beastly Appendage |    27 |    41 |    16 |       ||    84
       Spider Form       |     3 |     7 |    17 |       ||    27
       Blade Hands       |       |       |    19 |     4 ||    23
  Use: Potion            |     3 |       |       |     1 ||     4
       Scroll            |       |     1 |     1 |       ||     2
 Stab: Sleeping          |     4 |     2 |     1 |       ||     7
  Eat: Chunk             |     4 |    12 |    24 |     2 ||    42
Armor: Robe              |    15 |    22 |       |       ||    37
       Skin              |     1 |     2 |     1 |       ||     4
       Leather armour    |       |    17 |    29 |    17 ||    63
Dodge: Dodged            |    59 |   120 |   237 |    24 ||   440
